 Dungeon Crawl Stone Soup version 0.29.0-11-gd7f09526c8 (webtiles) character file.

Game seed: 9612327692778803380

226 sanka the Changer (level 5, -7/25 HPs)
             Began as a Spriggan Transmuter on Sept 4, 2022.
             Killed from afar by Crazy Yiuf (10 damage)
             ... with a puff of flame
             ... on level 3 of the Dungeon.
             The game lasted 00:04:40 (4642 turns).

sanka the Changer (Spriggan Transmuter)             Turns: 4642, Time: 00:04:41

Health: -7/25      AC:  2    Str:  6    XL:     5   Next: 69%
Magic:  7/10       EV: 20    Int: 16    God:
Gold:   164        SH:  0    Dex: 21    Spells: 4/10 levels left

rFire   . . .      SeeInvis +     - Unarmed
rCold   . . .      Faith    .   (shield currently unavailable)
rNeg    . . .      Spirit   .   (body armour currently unavailable)
rPois   x          Reflect  .   (helmet currently unavailable)
rElec   .          Harm     .   (cloak currently unavailable)
rCorr   .          Rampage  .   (gloves unavailable)
Will    .....                   (boots unavailable)
Stlth   ++........              (no amulet)
HPRegen 0.08/turn               (no ring)
MPRegen 0.12/turn               (no ring)

@: spider-form
A: venomous fangs, tiny, no large weapons, unfitting armour, see invisible,
(speed 3)
a: End Transformation


You were on level 3 of the Dungeon.
You were a venomous arachnid creature.
You visited 1 branch of the dungeon, and saw 3 of its levels.

You collected 164 gold pieces.


Innate Abilities, Weirdness & Mutations

You are a venomous arachnid creature.
You have poisonous fangs.
You are tiny and dextrous.
Your spellcasting is less reliable in this form.
Your armour is entirely melded.
You are incapable of wielding weapons or throwing items.
You are very small and have problems with some larger weapons.
You are too small for most types of armour.
You have supernaturally acute eyesight. (SInv)
((You cover ground extremely quickly. (Speed+++)))


   Skills:
 + Level 0.9 Fighting
 + Level 2.8 Dodging
 + Level 3.4 Unarmed Combat
 - Level 3.0 Spellcasting
 + Level 6.0 Transmutations
 - Level 2.0 Poison Magic


You had 4 spell levels left.
You knew the following spells:

 Your Spells              Type           Power      Damage    Failure   Level
x - Spider Form           Tmut/Pois      15%        N/A       26%         3
y - Wereblood             Tmut           21%        N/A       9%          2
z - Beastly Appendage     Tmut           42%        N/A       7%          1

Your spell library contained the following spells:

 Spells                   Type           Power      Damage    Failure   Level
 Freeze                   Ice            8%         1d3       38%         1
 Ice Form                 Ice/Tmut       12%        N/A       69%         4
 Frozen Ramparts          Ice            4%         1d1       71%         3
 Hailstorm                Conj/Ice       2%         3d3       96%         4

Inventory:

Armour
 a - a +0 robe (melded)
Scrolls
 d - a scroll of amnesia {unknown}
 f - 2 scrolls of immolation {unknown}
 g - 2 scrolls of poison {unknown}
 h - 4 scrolls of identify {unknown}
 i - a scroll of vulnerability {unknown}
 m - a scroll of magic mapping {unknown}
Potions
 b - a potion of lignification {!q}
 c - 4 potions of flight {unknown}
 e - 2 potions of heal wounds {unknown}
 j - a potion of haste {unknown}
 k - a potion of invisibility {unknown}
 l - a potion of degeneration {unknown}
 n - a potion of resistance {unknown}

Dungeon Overview and Level Annotations

Branches:
Dungeon (3/15)

Altars:
Elyvilon

Shops:
D:2 *

Annotations:
D:3 Crazy Yiuf

▒.▒ ▒.▒...▒
▒▒▒▒▒.▒▒▒▒▒▒▒
▒.▒▒▒▒▒
....▒.......▒ ▒.▒
▒▒▒....▒▒▒▒▒▒ ▒▒▒
▒▒▒....▒ .......▒
....▒.▒▒▒♣♣ ▒▒▒▒
▒▒▒▒▒...▒.♣♣
♣♣▒..)▒ ▒
▒......♣♣♣♣.sg..▒
▒
▒.......♣..♣▒...▒
▒ ▒.▒.▒..♣.♣♣♣
▒▒▒▒ ▒.▒▒▒♣♣♣♣♣
▒▒▒▒▒.▒ ......▒
▒▒▒▒▒.▒ ▒
▒.▒▒▒▒▒▒▒▒▒▒▒▒ ▒
▒............▒


You could see Crazy Yiuf (extremely poisoned).


Message History

There is an open door here.
There is an open door here.
There is an open door here.
Crazy Yiuf shouts!
Could not explore, unopened runed door.
Could not explore, unopened runed door.
Could not explore, unopened runed door.
The spell is quite dangerous to miscast (11% risk of failure)!
Continue anyway?
You turn into a venomous arachnid creature.
You open the door.
Crazy Yiuf zaps a wand.
The puff of flame hits you.
Crazy Yiuf hits you with a +3 quarterstaff of chaos.
Crazy Yiuf freezes you.
* * * LOW HITPOINT WARNING * * *
There is an open translucent door here.
You hit Crazy Yiuf.
Crazy Yiuf is poisoned.
Crazy Yiuf is lightly wounded.
Crazy Yiuf hits you with a +3 quarterstaff of chaos!
* * * LOW HITPOINT WARNING * * *
You hit Crazy Yiuf.
Crazy Yiuf is moderately wounded.
Crazy Yiuf completely misses you.
You hit Crazy Yiuf but do no damage.
Crazy Yiuf looks as sick as possible!
Crazy Yiuf is heavily wounded.
Crazy Yiuf zaps a wand.
The puff of flame hits you!
You die...

Action                   |  1- 3 |  4- 6 || total
-------------------------+-------+-------++-------
Melee: Unarmed           |   121 |    37 ||   158
       Kick              |    35 |    10 ||    45
       Headbutt          |    12 |     4 ||    16
       Punch             |     1 |       ||     1
 Cast: Beastly Appendage |    26 |    10 ||    36
       Spider Form       |     1 |     1 ||     2
 Stab: Sleeping          |     1 |     1 ||     2
Armor: Robe              |    16 |     2 ||    18
Dodge: Dodged            |    93 |    19 ||   112

Levels and vault maps discovered:
D:1:      saegor_arrival_miasma, layout_basic,
          shapermc_ecumenical_altar_mp_ritualfount
D:2:      layout_rooms, serial_shops, shop, minivault_27, uniq_sigmund
D:3:      layout_loops_corners, elyvilon_altar_4, minmay_misc_feat_five,
          uniq_crazy_yiuf_cottage

Notes
Turn   | Place    | Note
-------+----------+-------------------------------------------
     0 | D:1      | sanka the Spriggan Transmuter began the quest for the Orb.
     0 | D:1      | Reached XP level 1. HP: 9/9 MP: 5/5
   305 | D:1      | Reached skill level 3 in Transmutations
   488 | D:1      | Reached skill level 3 in Spellcasting
   755 | D:1      | Reached XP level 2. HP: 5/14 MP: 7/7
  1009 | D:1      | Reached skill level 1 in Poison Magic
  1017 | D:1      | Learned a level 2 spell: Wereblood
  1318 | D:1      | Found a faded altar of an unknown god.
  1910 | D:2      | Noticed Sigmund
  2203 | D:2      | Reached XP level 3. HP: 17/17 MP: 6/8
  2624 | D:2      | Learned a level 3 spell: Spider Form
  2932 | D:2      | Reached skill level 4 in Transmutations
  3028 | D:2      | Reached skill level 2 in Poison Magic
  3186 | D:2      | Found Xeskurr's Assorted Antiques.
  3376 | D:2      | Killed Sigmund
  3377 | D:2      | Reached skill level 6 in Transmutations
  3377 | D:2      | Reached skill level 3 in Unarmed Combat
  3377 | D:2      | Reached XP level 4. HP: 7/21 MP: 6/9
  3377 | D:2      | Reached XP level 5. HP: 8/25 MP: 6/10
  3778 | D:3      | Found a white marble altar of Elyvilon.
  3977 | D:3      | Found a runed translucent door.
  3978 | D:3      | Noticed Crazy Yiuf
  4640 | D:3      | HP: 2/25 [Crazy Yiuf/+3 quarterstaff of chaos (8)]
  4642 | D:3      | Killed from afar by Crazy Yiuf

Vanquished Creatures
  Sigmund (D:2)
  An adder (D:2)
  3 worms
  A dart slug (D:1)
  7 bats
  3 endoplasms
  5 giant cockroaches
  5 goblins
  3 hobgoblins
  4 quokkas
  3 ball pythons
  4 frilled lizards
  5 kobolds
  5 rats
50 creatures vanquished.

Vanquished Creatures (others)
  A plant (D:1)
1 creature vanquished.

Grand Total: 51 creatures vanquished
